 Dungeon Crawl Stone Soup version 0.31-b1-22-gc680215f68 (webtiles) character file.

Game seed: 203743375470522800

82084 groovy9 the Warrior (level 15, -18/160 HPs)
             Began as a Gargoyle Fighter on Jan 18, 2024.
             Was an Initiate of Gozag.
             Demolished by an orc warlord
             ... wielding a +0 great mace
              (48 damage)
             ... on level 2 of the Orcish Mines.
             The game lasted 01:08:37 (20599 turns).

groovy9 the Warrior (Gargoyle Fighter)             Turns: 20599, Time: 01:08:38

Health: -18/160    AC: 31    Str: 27    XL:     15   Next: 72%
Magic:  15/15      EV:  2    Int:  9    God:    Gozag
Gold:   3064       SH: 17    Dex:  4    Spells: 14/14 levels left

rFire   + + .        l - +6 broad axe of the Other Side {flame, ^Drain rN++ Will+++ Dex-5}
rCold   + . .        v - +2 tower shield
rNeg    + + +        w - melded +7 Kryia's mail coat {PotionHeal*2 rC+}
rPois   ∞            J - melded +1 hat
rElec   +            A - melded +0 cloak
rCorr   +            D - melded +1 pair of gloves
SInv    .            F - melded +0 pair of boots
Will    ++++.        S - amulet "Zust" {-Cast +Blink rN+ Regen+ Slay+5}
Stlth   +            t - ring of protection from fire
HPRegen 1.26/turn    E - +4 ring of protection
MPRegen 0.14/turn

%: no spellcasting
@: mighty, tree-form, resistant
A: stationary, stasis, torment immunity, boosted hp, sickness immunity, AC +11,
(big wings), negative energy resistance 1, (electricity resistance), torment
resistance 1, petrification resistance, (horns 1), (talons 1), (shaggy fur 1)
a: End Transformation, Renounce Religion, Evoke Blink, Potion Petition, Call
Merchant, Bribe Branch


You were on level 2 of the Orcish Mines.
You worshipped Gozag.
Gozag was most pleased with you.
You were a tree.
You visited 4 branches of the dungeon, and saw 21 of its levels.

You collected 6814 gold pieces.
You spent 2365 gold pieces at shops.
You paid 1385 gold pieces to Gozag.

Inventory:

Hand Weapons
 l - the +6 broad axe of the Other Side (weapon) {flame, ^Drain rN++ Will+++ Dex-5}
   (You acquired it on level 10 of the Dungeon)

   Dex-5:     It affects your dexterity (-5).
   rN++:      It greatly protects you from negative energy.
   Will+++:   It greatly increases your willpower.
   ^Drain:    It drains your maximum health when unequipped.
 R - a +0 shortbow
Armour
 n - the +0 pair of gloves of Juluisom {Rampage Str+6 Dex-5}
   (You bought it in a shop on level 9 of the Dungeon)

   Str+6:     It affects your strength (+6).
   Dex-5:     It affects your dexterity (-5).
   Rampage:   It bestows one free step when moving towards enemies.
 v - a +2 tower shield (worn)
 w - the +7 Kryia's mail coat (melded) {PotionHeal*2 rC+}
   (You acquired it on level 11 of the Dungeon)

   PotionHeal*2: Potions heal its wearer twice as much.
   rC+:       It protects you from cold.
 A - a +0 cloak (melded)
 D - a +1 pair of gloves (melded)
 F - a +0 pair of boots (melded)
 J - a +1 hat (melded)
Jewellery
 t - a ring of protection from fire (left branch)
 C - an amulet of reflection
 E - a +4 ring of protection (right branch)
 G - an amulet of regeneration
 N - a +6 ring of dexterity
 S - the amulet "Zust" (around neck) {-Cast +Blink rN+ Regen+ Slay+5}
   (You bought it in a shop on level 2 of the Orcish Mines)

   [amulet of regeneration]

   Slay+5:    It affects your accuracy & damage with ranged weapons and melee
   (+5).
   rN+:       It protects you from negative energy.
   +Blink:    It lets you blink.
   -Cast:     It prevents spellcasting.
   Regen+:    It increases your rate of health regeneration.
 T - a ring of see invisible
Wands
 k - a wand of roots (4)
 q - a wand of mindburst (6)
 y - a wand of flame (33)
 B - a wand of charming (13)
Scrolls
 a - a scroll of revelation
 b - 4 scrolls of vulnerability
 h - 12 scrolls of teleportation
 i - 6 scrolls of blinking
 o - 5 scrolls of amnesia
 p - 5 scrolls of fear
 x - 2 scrolls of summoning
 H - 6 scrolls of identify
 I - 2 scrolls of brand weapon
 M - 2 scrolls of immolation
 O - a scroll of enchant armour
 P - a scroll of poison
 Q - a scroll of fog
Potions
 c - 2 potions of attraction
 d - 7 potions of enlightenment
 e - 4 potions of might
 f - 4 potions of resistance
 g - 2 potions of haste
 j - 8 potions of lignification
 m - 2 potions of magic
 r - 6 potions of curing
 s - a potion of brilliance
 u - 2 potions of ambrosia
 z - 2 potions of mutation
 K - 6 potions of heal wounds
 L - a potion of berserk rage


   Skills:
 + Level 17.6 Fighting
 * Level 15.4 Axes
 + Level 14.0 Armour
 + Level 14.0 Shields


You had 14 spell levels left.
You didn't know any spells.
Your spell library contained the following spells:

 Spells                   Type           Power      Damage    Failure   Level
 Apportation              Tloc           0%         N/A       67%         1
 Kiss of Death            Conj/Necr      0%         2d5       67%         1
 Magic Dart               Conj           0%         1d3       67%         1
 Blink                    Tloc           0%         N/A       82%         2
 Call Imp                 Summ           0%         N/A       82%         2
 Ensorcelled Hibernation  Hex/Ice        0%         N/A       82%         2
 Jinxbite                 Hex            0%         N/A       82%         2
 Confusing Touch          Hex            0%         N/A       96%         3
 Fugue of the Fallen      Necr           0%         N/A       96%         3
 Passwall                 Erth           0%         N/A       96%         3
 Swiftness                Air            0%         N/A       96%         3
 Tukima's Dance           Hex            0%         N/A       96%         3
 Anguish                  Hex/Necr       0%         N/A       100%        4
 Dispel Undead            Necr           0%         3d6       100%        4
 Passage of Golubria      Tloc           0%         N/A       100%        4
 Petrify                  Alch/Erth      0%         N/A       100%        4
 Vhi's Electric Charge    Tloc/Air       0%         N/A       100%        4
 Alistair's Intoxication  Alch           0%         N/A       100%        5
 Arcjolt                  Conj/Air       0%         1d10      100%        5
 Yara's Violent Unravell  Hex/Alch       0%         3d3       100%        5
 Plasma Beam              Fire/Air       0%         2x1d10    100%        6
 Maxwell's Capacitive Co  Air            0%         ∞         100%        8


Dungeon Overview and Level Annotations

Branches:
Dungeon (13/15)            Temple (1/1) D:5            Lair (5/5) D:10
  Swamp (0/4) Lair:2        Snake (0/4) Lair:2        Slime (0/5) Lair:4
    Orc (2/2) D:12            Elf (0/3) Orc:2        Vaults (0/5) D:13

Altars:
Ashenzari
Cheibriados
Dithmenos
Elyvilon
Fedhas
Gozag
Hepliaklqana
Kikubaaqudgha
Makhleb
Nemelex Xobeh
Qazlal
Ru
Sif Muna
Trog
Uskayaw
Vehumet
Wu Jian
Xom
Yredelemnul
Zin
The Shining One
Jiyva

Shops:
D:1 *   D:9 [   D:11 [*   Orc:2 !([=


Innate Abilities, Weirdness & Mutations

You are a tree.
Your roots penetrate the ground, keeping you stationary.
You cannot be teleported.
You are immune to unholy pain and torment.
Your maximum health is greatly increased.
Your equipment is partially melded.
You are immune to sickness and miasma.
((Your stone body is resilient. (AC +11)))
You are immune to poison.
((Your large and strong wings let you fly.))
You resist negative energy. (rN+)
((You are resistant to electric shocks. (rElec)))
You are resistant to unholy torment.
You are immune to petrification.
((You have a pair of small horns on your head.))
((You have sharp toenails.))
((You are covered in fur. (AC +1)))


Message History

You are too injured to fight recklessly!
You barely miss the orc warlord.
The orc warlord is heavily wounded.
You slice the orc knight!! You burn the orc knight. You hit the orc warlord.
You burn the orc warlord.
The orc warlord is heavily wounded.
You hit the orc knight. You burn the orc knight.
You block the orc knight's attack.
The orc warlord hits you with a +0 great mace!!
You barely miss the orc warlord.
The orc warlord is heavily wounded.
You barely miss the orc knight. You block the orc knight's attack.
The orc warlord hits you with a +0 great mace!
You block the orc knight's attack.
The orc warlord hits you with a +0 great mace!
* * * LOW HITPOINT WARNING * * *
[a] - 928 gold - brilliance, magic, haste and resistance [b] - 308 gold - haste and brilliance [c] - 357 gold - lignification, might and resistance Purchase which effect?
You turn into a tree.
Your +0 cloak melds into your body.
Your +1 hat melds into your body.
Your +1 pair of gloves melds into your body.
Your +0 pair of boots melds into your body.
The +7 Kryia's mail coat {PotionHeal*2 rC+} melds into your body.
Your attunement to healing potions decreases.
Your roots penetrate the ground.
You feel very mighty all of a sudden.
You feel protected.
The orc knight hits you with a +0 war axe!
* * * LOW HITPOINT WARNING * * *
You block the orc warlord's attack.
You slash the orc warlord! You burn the orc warlord.
The orc warlord is heavily wounded.
You closely miss the orc knight. You slice the orc warlord!!
You burn the orc warlord!
The orc warlord is almost dead.
You closely miss the orc knight. You block the orc knight's attack.
The orc warlord hits you with a +0 great mace!!!
You die...
Your body crumbles into a pile of gold.

...................###..........#
....................#..........##
.................#.###........##
......#..........### ##.##.####
......#.....#...## ##########
.#.....#........####........o
##....##........##8..8..8..8o
#......##))##.#.#............
#...#<).)).#....♣o..........o
##.)#)))#.###...#o..........o
#...#)#####....##8..8..8..8o
##.#### #....#####......... ###
##....## ########## ##.##.#
######


You could see an orc warlord (strong) and an orc knight (strong).

Vanquished Creatures
  Snorg (D:13)
  2 fire dragons (Lair:5)
  Fannar (Lair:3)
  4 hydras
  2 ogre magi
  9 death yaks
  The ghost of Chadd the Fighter, a novice MiBe of Trog (D:8)
  A boulder beetle (D:13)
  3 centaur warriors
  2 tengu warriors
  8 two-headed ogres
  Nergalle (Lair:1)
  An orc high priest (Orc:2)
  A hell knight (D:11)
  Amaemon (Lair:3)
  Sonja (D:12)
  A swamp dragon (Lair:5)
  3 skysharks
  Pikel (D:5)
  2 lindwurms (Lair:5)
  6 orc knights
  13 orc sorcerers
  3 manticores
  4 cyclopes
  A salamander (Lair:2)
  A black mamba (Lair:3)
  10 elephants
  2 kobold blastminers (Orc:1)
  2 centaur zombies (D:10)
  5 torpor snails (Lair:5)
  3 gargoyles (D:12)
  An orange demon (Lair:3)
  8 cane toads
  An unseen horror (D:12)
  A centaur skeleton (D:10)
  3 unseen horror zombies (D:10)
  6 komodo dragons
  4 rime drakes
  Maggie (D:8)
  2 tengu conjurers
  4 trolls
  3 polar bears
  3 red devils (D:9)
  9 hornets
  Prince Ribbit (D:5)
  4 tyrant leeches (Lair:5)
  11 blink frogs
  4 dream sheep (Lair:2)
  5 slime creatures (D:12)
  2 vampires
  21 yaks
  5 wraiths
  A shadow (D:11)
  Eustachio (D:4)
  7 wyverns
  Grum (D:9)
  6 wargs
  5 steam dragons
  2 basilisks
  6 vampire mosquitoes
  Edmund (D:6)
  2 acid dragons
  3 hell hounds (D:11)
  15 water moccasins
  Duvessa (D:4)
  2 ice beasts (D:7)
  2 sky beasts (D:7)
  2 black bears
  2 laughing skulls (D:13)
  13 ogres
  3 swamp drakes (Lair:5)
  14 orc warriors
  4 boggarts (Lair:5)
  6 centaurs
  23 wolves
  A phantom (D:7)
  2 kobold brigands (D:9)
  Blork the orc (D:5)
  12 bullfrogs
  4 gnoll sergeants
  7 scorpions
  A burial acolyte (D:10)
  23 wights
  Dowan (D:4)
  13 killer bees
  An electric eel (D:8)
  6 bombardier beetles
  A howler monkey (D:5)
  2 lava snakes (Lair:2)
  A human zombie (D:10)
  9 orc priests
  Crazy Yiuf (D:4)
  4 hounds
  3 jellies
  Terence (D:3)
  3 iguanas
  32 orc wizards
  A sleepcap (D:7)
  6 hell rats (Lair:4)
  2 howler monkey zombies (D:10)
  10 gnolls
  5 adders
  4 shadow imps
  3 white imps
  4 ufetubi
  4 dart slugs
  2 ribbon worms
  81 orcs
  5 bats
  12 endoplasms
  4 giant cockroaches
  9 goblins
  6 hobgoblins
  A jackal (D:5)
  4 quokkas
  3 ball pythons
  2 frilled lizards
  3 kobolds
  2 rats (D:2)
619 creatures vanquished.

Vanquished Creatures (collateral kills)
  Grinder (D:4)
1 creature vanquished.

Vanquished Creatures (others)
  A wyvern (D:9)
  An iguana (Lair:5)
  An orc wizard (D:7)
  An orc (D:8)
4 creatures vanquished.

Grand Total: 624 creatures vanquished

Notes
Turn   | Place    | Note
-------+----------+-------------------------------------------
     0 | D:1      | groovy9 the Gargoyle Fighter began the quest for the Orb.
     0 | D:1      | Reached XP level 1. HP: 14/14 MP: 1/1
    73 | D:1      | Reached XP level 2. HP: 19/19 MP: 2/2
   336 | D:1      | Reached XP level 3. HP: 21/23 MP: 3/3
   365 | D:1      | Found Kisken's Assorted Antiques.
   380 | D:1      | Bought a scroll labelled WAOMYJ UTO for 26 gold pieces
   380 | D:1      | Bought a fuming white potion for 23 gold pieces
   380 | D:1      | Bought a scroll labelled HOL ZAFUDUSE for 26 gold pieces
   684 | D:2      | Found a faded altar of an unknown god.
   779 | D:2      | Prayed at the altar of an unknown god.
   779 | D:2      | Became a worshipper of Xom of Chaos
   923 | D:2      | Reached XP level 4. HP: 29/29 MP: 4/4
  1054 | D:2      | XOM: silly message
  1069 | D:2      | XOM: silly message
  1163 | D:2      | XOM: noise
  1296 | D:3      | XOM: cast spell 'Leda's Liquefaction'
  1302 | D:3      | XOM: divination: magic mapping
  1304 | D:3      | XOM: confuse monster(s)
  1323 | D:3      | XOM: potion effect (might)
  1395 | D:3      | Reached skill level 4 in Fighting
  1395 | D:3      | Reached XP level 5. HP: 29/33 MP: 5/5
  1491 | D:3      | XOM: cloud trail
  1580 | D:3      | Noticed Terence
  1580 | D:3      | XOM: 2-stop teleportation journey
  1588 | D:3      | Killed Terence
  1699 | D:3      | XOM: silly message
  1776 | D:4      | XOM: cloud trail
  1795 | D:4      | Reached XP level 6. HP: 34/39 MP: 6/6
  1922 | D:4      | Noticed Eustachio
  1922 | D:4      | Noticed Grinder
  1934 | D:4      | Paralysed by Grinder for 2 turns
  1941 | D:4      | XOM: confuse monster(s)
  2222 | D:4      | XOM: potion effect (invisibility)
  2257 | D:4      | Killed Eustachio
  2258 | D:4      | Reached XP level 7. HP: 21/44 MP: 4/7
  2303 | D:4      | XOM: cloud trail
  2322 | D:4      | Found a broken altar of Ashenzari.
  2322 | D:4      | XOM: 4-stop teleportation journey
  2632 | D:4      | XOM: blink monster(s)
  2637 | D:4      | Reached skill level 5 in Fighting
  2637 | D:4      | Reached skill level 5 in Armour
  2637 | D:4      | Reached skill level 5 in Shields
  2876 | D:4      | Noticed Duvessa
  2876 | D:4      | Noticed Dowan
  2877 | D:4      | XOM: potion effect (haste)
  2891 | D:4      | Killed Duvessa
  2892 | D:4      | Reached skill level 5 in Axes
  2903 | D:4      | Killed Dowan
  2985 | D:4      | XOM: god gift: 22 gold pieces
  3045 | D:4      | XOM: noise
  3049 | D:4      | XOM: divination: magic mapping
  3052 | D:4      | Paralysed by Grinder for 3 turns
  3057 | D:4      | XOM: noise
  3060 | D:4      | XOM: cast spell 'Iskenderun's Battlesphere'
  3061 | D:4      | XOM: cast spell 'Summon Cactus Giant'
  3063 | D:4      | Killed Grinder
  3064 | D:4      | Reached XP level 8. HP: 17/50 MP: 2/8
  3225 | D:4      | Found a runed translucent door.
  3228 | D:4      | Noticed Crazy Yiuf
  3239 | D:4      | Killed Crazy Yiuf
  3460 | D:5      | Entered Level 5 of the Dungeon
  3746 | D:5      | Reached skill level 6 in Fighting
  4010 | D:5      | Noticed Blork the orc
  4023 | D:5      | Killed Blork the orc
  4088 | D:5      | Noticed Prince Ribbit
  4093 | D:5      | XOM: divination: detect creatures
  4095 | D:5      | Reached XP level 9. HP: 56/56 MP: 9/9
  4120 | D:5      | XOM: divination: detect creatures
  4121 | D:5      | XOM: cast spell 'Olgreb's Toxic Radiance'
  4130 | D:5      | Killed Prince Ribbit
  4163 | D:5      | XOM: silly message
  4321 | D:5      | Found a staircase to the Ecumenical Temple.
  4321 | D:5      | Noticed Pikel
  4342 | D:5      | XOM: potion effect (haste)
  4344 | D:5      | Killed Pikel
  4412 | Temple   | Entered the Ecumenical Temple
  4434 | Temple   | Fell from the grace of Xom
  4434 | Temple   | Became a worshipper of Gozag Ym Sagoz the Greedy
  4715 | D:5      | Reached skill level 7 in Fighting
  4910 | D:5      | XOM: give mutation
  4910 | D:5      | Gained mutation: Your spells are a little harder to cast,
                  | but a little more powerful. [Xom's mischief]
  5156 | D:6      | Noticed Edmund
  5168 | D:6      | Killed Edmund
  5420 | D:6      | XOM: summons 3 hostile shadow creatures
  5479 | D:6      | Found a burning altar of Makhleb.
  5480 | D:6      | Found a sacrificial altar of Ru.
  5494 | D:6      | Found a white marble altar of Elyvilon.
  5494 | D:6      | Found a sparkling altar of Nemelex Xobeh.
  5562 | D:6      | Found a hide-covered altar of Uskayaw.
  5562 | D:6      | Found a radiant altar of Vehumet.
  5563 | D:6      | Found a glowing silver altar of Zin.
  6115 | D:6      | XOM: scenery: summon butterflies
  6283 | D:7      | XOM: summons 4 hostile demons
  6342 | D:7      | Reached XP level 10. HP: 60/63 MP: 8/10
  6598 | D:7      | XOM: stat loss: -3 Int (6/9)
  6822 | D:7      | Found a glowing golden altar of the Shining One.
  6969 | D:7      | Found an ancient bone altar of Kikubaaqudgha.
  6994 | D:7      | Reached skill level 8 in Fighting
  7304 | D:7      | Found a stormy altar of Qazlal.
  7306 | D:7      | XOM: give mutations
  7306 | D:7      | Gained mutation: You are weak. (Str -2) [Xom's mischief]
  7306 | D:7      | Gained mutation: You have supernaturally acute eyesight.
                  | (SInv) [Xom's mischief]
  7624 | D:8      | Found a runed translucent door.
  7629 | D:8      | Noticed Chadd's ghost (novice MiBe)
  7633 | D:8      | XOM: god gift: polished war axe {god gift}
  7633 | D:8      | Identified the +8 war axe of a wizard's laboratory {chaos,
                  | Dex+2} (Xom gifted it to you on level 8 of the Dungeon)
  7894 | D:8      | XOM: torment (53/64 hp)
  7988 | D:8      | Noticed a two-headed ogre
  8004 | D:8      | Killed a two-headed ogre
  8126 | D:8      | Noticed Maggie
  8145 | D:8      | Killed Maggie
  8154 | D:8      | Reached XP level 11. HP: 67/69 MP: 9/11
  8231 | D:8      | XOM: summons 1 hostile demon
  8409 | D:8      | Killed Chadd's ghost
  8410 | D:8      | Reached skill level 9 in Fighting
  8410 | D:8      | Reached skill level 10 in Axes
  8475 | D:9      | Found a shimmering blue altar of Sif Muna.
  8477 | D:9      | Noticed Grum
  8487 | D:9      | Killed Grum
  8578 | D:9      | XOM: torment (58/71 hp)
  8965 | D:9      | Noticed a cyclops
  8966 | D:9      | Noticed a tengu warrior
  8984 | D:9      | Killed a cyclops
  8992 | D:9      | Noticed a centaur warrior
  8997 | D:9      | Killed a tengu warrior
  9011 | D:9      | Killed a centaur warrior
  9038 | D:9      | Noticed a manticore
  9047 | D:9      | Killed a manticore
  9114 | D:9      | XOM: give mutations
  9114 | D:9      | Gained mutation: Armour fits poorly on your strangely
                  | shaped body. [Xom's mischief]
  9114 | D:9      | Gained mutation: You have sharp toenails. [Xom's mischief]
  9114 | D:9      | Lost mutation: Your spells are a little harder to cast, but
                  | a little more powerful. [Xom's mischief]
  9114 | D:9      | Gained mutation: You are covered in fur. (AC +1) [Xom's
                  | mischief]
  9238 | D:9      | XOM: summons 4 hostile demons
  9253 | D:9      | Lost mutation: You are weak. (Str -2) [potion of mutation]
  9253 | D:9      | Lost mutation: Armour fits poorly on your strangely shaped
                  | body. [potion of mutation]
  9253 | D:9      | Lost mutation: You have supernaturally acute eyesight.
                  | (SInv) [potion of mutation]
  9253 | D:9      | Gained mutation: You are weak. (Str -2) [potion of
                  | mutation]
  9253 | D:9      | Gained mutation: You have a pair of small horns on your
                  | head. [potion of mutation]
  9259 | D:9      | XOM: stat loss: -3 Int (6/9)
  9533 | D:9      | Found Gofinwe's Antique Armour Emporium.
  9538 | D:9      | Bought a pair of encrusted gloves for 218 gold pieces
  9538 | D:9      | Identified the +0 pair of gloves of Juluisom {Rampage Str+6
                  | Dex-5} (You bought it in a shop on level 9 of the Dungeon)
  9556 | D:9      | Identified the +1 short sword of Generosity {heavy, *Rage
                  | rC+ Will+ Dex+5}
  9607 | D:9      | XOM: summons 3 hostile demons
  9774 | D:10     | Entered Level 10 of the Dungeon
  9817 | D:10     | Found a staircase to the Lair.
  9913 | D:10     | Reached skill level 10 in Fighting
  9913 | D:10     | Reached XP level 12. HP: 77/77 MP: 12/12
  9942 | D:10     | Reached skill level 10 in Shields
  9969 | D:10     | XOM: summons 14 hostile demons
 10041 | D:10     | XOM: give mutation
 10041 | D:10     | Lost mutation: You are weak. (Str -2) [Xom's mischief]
 10061 | D:10     | Reached skill level 10 in Armour
 10114 | D:10     | Noticed a two-headed ogre
 10124 | D:10     | Killed a two-headed ogre
 10482 | D:10     | Found an ancient bone altar of Kikubaaqudgha.
 10769 | D:10     | Identified a scroll of acquirement
 10769 | D:10     | Acquired the +6 broad axe of the Other Side {flame, ^Drain
                  | rN++ Will+++ Dex-5}
 10785 | D:11     | Found Qutot's Armour Shop.
 10804 | D:11     | Bought a +2 tower shield for 214 gold pieces
 10873 | D:11     | Found the +8 demon blade "Leech" {evervamp, Harm ^Drain
                  | rN+}
 10905 | D:11     | Noticed a two-headed ogre
 10917 | D:11     | Killed a two-headed ogre
 11009 | D:11     | Noticed a hell knight
 11018 | D:11     | Killed a hell knight
 11076 | D:11     | Noticed a hell knight
 11077 | D:11     | Noticed a hell knight
 11077 | D:11     | Noticed a hell knight
 11078 | D:11     | Noticed a hell knight
 11154 | D:11     | XOM: 1-stop teleportation journey
 11154 | D:11     | Was forgiven by Xom
 11158 | D:11     | Acquired the +7 Kryia's mail coat {PotionHeal*2 rC+}
 11158 | D:11     | Found the +7 Kryia's mail coat {PotionHeal*2 rC+}
 11387 | D:11     | Noticed a centaur warrior
 11395 | D:11     | Killed a centaur warrior
 11408 | D:11     | Noticed a two-headed ogre
 11413 | D:11     | Killed a two-headed ogre
 12006 | Lair:1   | Entered Level 1 of the Lair of Beasts
 12087 | Lair:1   | Acquired a manual of Fighting
 12092 | Lair:1   | Noticed Nergalle
 12105 | Lair:1   | Killed Nergalle
 12143 | Lair:1   | Reached skill level 11 in Fighting
 12499 | Lair:1   | Reached XP level 13. HP: 84/84 MP: 13/13
 12833 | Lair:2   | Reached skill level 12 in Fighting
 13034 | Lair:2   | Reached skill level 13 in Fighting
 13248 | Lair:2   | Found a staircase to the Swamp.
 13583 | Lair:2   | Reached skill level 14 in Fighting
 13655 | Lair:2   | Found a staircase to the Snake Pit.
 14023 | Lair:3   | Noticed Amaemon
 14032 | Lair:3   | Killed Amaemon
 14093 | Lair:3   | Noticed Fannar
 14107 | Lair:3   | Killed Fannar
 14252 | Lair:3   | Reached skill level 15 in Fighting
 14340 | Lair:3   | Gained mutation: Your large and strong wings let you fly.
                  | [Gargoyle growth]
 14340 | Lair:3   | Reached XP level 14. HP: 90/98 MP: 14/14
 15052 | Lair:4   | Found a viscous altar of Jiyva.
 15052 | Lair:4   | Found a staircase to the Slime Pits.
 15198 | Lair:4   | Reached skill level 16 in Fighting
 15731 | Lair:5   | Entered Level 5 of the Lair of Beasts
 16181 | Lair:5   | Got Sif Muna's Atlas of the Crucible
 17193 | D:11     | Bought a scroll of fear for 52 gold pieces
 17193 | D:11     | Bought a potion of heal wounds for 65 gold pieces
 17193 | D:11     | Bought a scroll of brand weapon for 123 gold pieces
 17193 | D:11     | Bought a potion of curing for 39 gold pieces
 17301 | D:12     | Reached skill level 17 in Fighting
 17479 | D:12     | Found a staircase to the Orcish Mines.
 17716 | D:12     | Noticed Sonja
 17748 | D:12     | Killed Sonja
 17773 | D:12     | Reached XP level 15. HP: 99/107 MP: 15/15
 18135 | D:13     | Noticed Snorg
 18155 | D:13     | Killed Snorg
 18916 | D:13     | Found a gate to the Vaults.
 19090 | Orc:1    | Entered Level 1 of the Orcish Mines
 19115 | Orc:1    | Reached skill level 15 in Axes
 19740 | Orc:2    | Entered Level 2 of the Orcish Mines
 19917 | Orc:2    | Found Ovet's Distillery.
 19953 | Orc:2    | Bought a potion of heal wounds for 70 gold pieces
 19953 | Orc:2    | Bought a potion of lignification for 42 gold pieces
 19953 | Orc:2    | Bought a potion of might for 56 gold pieces
 19953 | Orc:2    | Bought a potion of heal wounds for 70 gold pieces
 19953 | Orc:2    | Bought a potion of might for 56 gold pieces
 19953 | Orc:2    | Bought a potion of curing for 42 gold pieces
 19967 | Orc:2    | Found a radiant altar of Vehumet.
 19986 | Orc:2    | Found Erchixti's Antique Weapon Shoppe.
 20030 | Orc:2    | Found an ancient bone altar of Kikubaaqudgha.
 20084 | Orc:2    | Found Yrhuiff's Jewellery Emporium.
 20101 | Orc:2    | Found Tawuusch's Antique Armour Shoppe.
 20125 | Orc:2    | Bought the amulet "Zust" {-Cast +Blink rN+ Regen+ Slay+5}
                  | for 808 gold pieces
 20135 | Orc:2    | Bought a ring of see invisible for 195 gold pieces
 20149 | Orc:2    | Bought an embroidered scarf for 240 gold pieces
 20247 | Orc:2    | Found a staircase to the Elven Halls.
 20423 | Orc:2    | Noticed an orc warlord
 20599 | Orc:2    | Demolished by an orc warlord

Illustrated notes

Levels and vault maps discovered:
D:1:      amcnicky_arrival_blooded_trapdoor, layout_rooms, serial_shops,
          shop_coins
D:2:      layout_basic, hellmonk_ecumenical_altar_crossroads,
          kennysheep_generic_room_6
D:3:      minmay_general_purpose_star, layout_rooms, okawaru_altar_gauntlet_db,
          serial_shops, nicolae_shop_bloodbath_and_beyond, minmay_hedge_maze,
          hex_medium, serial_bayou_pond_c, uniq_terence
D:4:      minmay_evil_eye, layout_cave_pods, cheibrodos_ashenzari_chains,
          uniq_duvessa, uniq_eustachio, uniq_grinder, uniq_crazy_yiuf_cottage
D:5:      minmay_angry_zag, layout_loops_ring, temple_fountains,
          minmay_misc_feat_nine_boxes, uniq_blork_the_orc, uniq_pikel,
          uniq_prince_ribbit1
D:6:      layout_cave_pods, grunt_temple_overflow_open, serial_co_window_serial,
          co_window_corner_a, co_window_of_opportunity_a, co_window_paths_b,
          co_window_cross_1, co_window_paths_a, co_window_paths_b,
          co_window_cross_4, co_window_corner_ca, co_window_corner_b,
          co_window_of_opportunity_b, co_window_4corner_b, glass_columns_c,
          glass_columns_a, glass_columns_c, glass_columns_b, grunt_decor_cap,
          uniq_edmund
D:7:      layout_loops_ring, overflow_temple_1_default,
          lemuel_coloured_pillars_altar, dreamdust_princess_corridor,
          minmay_ruined_shrine
D:8:      layout_rooms, ebering_ghost_reflecting_pool, water_boxes_lemuel,
          uniq_maggie
D:9:      minmay_bloctagon, layout_basic, nicolae_sif_muna_condensation,
          serial_shops, shop, minmay_crystal_room,
          einodemon_armed_red_devil_minivault, uniq_grum
D:10:     layout_stronghold, lemuel_mausoleum_altar_kikubaaqudgha,
          dpeg_oklobed_lair, minmay_chambers_of_fives
D:11:     layout_basic, serial_shops, shop, corner_web_ring,
          minmay_rotating_lava
D:12:     layout_loops_ring, orc_0_dummy, serial_glass, glass_columns_b,
          glass_columns_b, minmay_strange_pillars, item_on_display_a,
          minmay_strange_pillars, minmay_strange_pillars, uniq_sonja
D:13:     layout_loops_ring, hellmonk_vaults_attempted_burglary, uniq_snorg
Temple:   hellmonk_temple_forest_ring
Lair:1:   layout_regular_city, uniq_nergalle
Lair:2:   wander_river, layout_cave_pods, swamp_mist,
          nicolae_snake_entry_warm_welcome, grunt_megastairs_2
Lair:3:   hellmonk_ruined_rings, layout_chaotic_city, uniq_amaemon, uniq_fannar
Lair:4:   layout_cave_pods, slime_entry_2, beast_lair_carwin_11,
          serial_bayou_shore_b
Lair:5:   guppyfry_lair_end_dragon, layout_long_grid, wormcave,
          kilobyte_rumbling_trees, lemuel_fruit_tree
Orc:1:    layout_diamond_mine, lemuel_statue_altar, guppyfry_library_mini
Orc:2:    kennysheep_orc_mage_school, layout_caves, lightli_church_of_beogh

Skill      XL: |  1  2  3  4  5  6  7  8  9 10 11 12 13 14 15 |
---------------+----------------------------------------------+-----
Axes           | 2 3 4 5 6 8 9 11 12 13 14 15 | 15.4
Fighting       | 4 5 6 7 8 10 11 15 17 | 17.6
Armour         | 4 5 6 7 8 9 11 12 13 14 | 14.0
Shields        | 4 5 6 7 8 9 11 12 13 14 | 14.0

Action                     |  1- 3 |  4- 6 |  7- 9 | 10-12 | 13-15 || total
---------------------------+-------+-------+-------+-------+-------++-------
  Melee: War axe           |    88 |   143 |   407 |   517 |       ||  1155
         Punch             |       |       |       |     3 |       ||     3
         Headbutt          |       |       |       |    32 |   185 ||   217
         Broad axe         |       |       |       |    93 |   950 ||  1043
 Invoke: Potion Petition   |       |       |       |     1 |     1 ||     2
         Call Merchant     |       |       |       |       |     1 ||     1
    Use: Potion            |       |     3 |     1 |     5 |       ||     9
         Scroll            |       |     1 |     5 |    18 |     2 ||    26
   Stab: Sleeping          |       |     1 |       |       |       ||     1
         Invisible         |       |     4 |       |       |       ||     4
         Distracted        |       |       |     2 |     2 |     1 ||     5
         Confused          |       |       |       |     4 |       ||     4
 Armour: Scale mail        |    60 |    59 |       |    26 |   432 ||   577
         Chain mail        |       |    68 |   353 |   404 |       ||   825
         Plate armour      |       |       |       |    96 |       ||    96
         Skin              |       |       |       |       |     2 ||     2
  Dodge: Dodged            |    54 |    94 |   153 |   218 |   127 ||   646
  Block: Buckler           |    20 |    32 |   130 |    29 |       ||   211
         Tower shield      |       |       |       |   239 |   960 ||  1199
         Reflection        |       |       |       |     4 |    35 ||    39
